AoeStats
← Culona

Arabia

509949152Analyzed
2v2 RM · 3d ago on Sep 28, 2026· 45m 10s· 4 players
Game mode
Random Map
Map size
Medium (4 player)
Population
200
Speed
Normal
Resources
Standard
Victory
Conquest
Starting age
Dark Age
Ending age
Imperial Age
RankedLock teamsTeams togetherTeam positionsShared explorationLock speedFull tech treeHidden civsTurbo modeCheats
Victory
Defeat
🇦🇷 Spanish · Argentina
1041
+17
🇺🇸 Dravidians · United States
999
+19
🇬🇧 Persians · United Kingdom
1091
-20
🇬🇧 Maya · United Kingdom
1022
-16
Culona
2:27 Loom
9:57 Feudal Age
10:25 Double-Bit Axe
10:24 Horse Collar
18:34 Castle Age
22:03 Wheelbarrow
21:16 Town Watch
22:38 Bow Saw
23:38 Fletching
26:12 Gold Mining
28:01 Stone Mining
28:42 Bodkin Arrow
34:11 Imperial Age
34:37 Heavy Plow
38:59 Chemistry
38:20 Ballistics
39:32 Conscription
40:02 Stone Shaft Mining
40:04 Scale Barding Armor
40:34 Hand Cart
42:45 Padded Archer Armor
42:10 Elite Skirmisher
43:47 Supremacy
43:47 Bloodlines
43:38 Husbandry
45:30 Chain Barding Armor
45:26 Leather Archer Armor
gbecerro
0:26 Loom
10:49 Feudal Age
11:38 Double-Bit Axe
13:03 Horse Collar
23:50 Castle Age
21:55 Stone Mining
23:19 Scale Mail Armor
23:14 Fletching
24:40 Wheelbarrow
25:05 Scale Mail Armor
24:37 Pikeman
25:44 Squires
26:06 Gambesons
26:33 Forging
31:55 Hand Cart
31:50 Bow Saw
33:25 Gold Mining
34:11 Arson
38:23 Chain Mail Armor
38:43 Iron Casting
38:23 Town Watch
40:36 Elite Skirmisher
41:30 Padded Archer Armor
43:35 Bodkin Arrow
43:56 Leather Archer Armor
43:36 Bodkin Arrow
43:56 Leather Archer Armor
45:01 Scale Barding Armor
Athena
6:49 Loom
9:17 Feudal Age
16:45 Bloodlines
18:17 Wheelbarrow
18:12 Scale Barding Armor
18:12 Horse Collar
18:40 Double-Bit Axe
23:15 Castle Age
21:52 Town Watch
22:21 Forging
24:31 Iron Casting
25:08 Husbandry
26:39 Bow Saw
30:17 Chain Barding Armor
33:14 Heavy Plow
36:22 Town Patrol
36:15 Fletching
38:30 Ballistics
39:20 Bodkin Arrow
39:07 Crossbowman
40:11 Masonry
40:25 Padded Archer Armor
The Invisible Man
0:25 Loom
10:01 Feudal Age
16:26 Double-Bit Axe
18:54 Wheelbarrow
18:32 Fletching
23:52 Castle Age
21:44 Horse Collar
23:06 Gold Mining
23:32 Padded Archer Armor
24:38 Crossbowman
25:36 Bodkin Arrow
26:59 Leather Archer Armor
27:28 Town Watch
33:17 Thumb Ring
36:07 Imperial Age
36:13 Arbalester
38:59 Bow Saw
38:51 Heavy Plow
40:39 Chemistry
40:39 Ballistics
40:24 Bracer
40:54 Ring Archer Armor
41:21 Hand Cart
41:49 Conscription
43:18 Forging
43:09 Scale Mail Armor
44:53 Eagle Warrior
Connection lost

Rejoining the realm…

Still unreachable

The connection could not be restored.

Session expired

The server has moved on; the page needs a fresh start.